 Dungeon Crawl Stone Soup version 0.29-a0-251-g80730f7218 (webtiles) character file.

Game seed: 8862264629269313635

30 brightshaft the Bolt Thrower (level 3, -2/31 HPs)
             Began as a Minotaur Hunter on Mar 5, 2022.
             Slain by an adder (3 damage)
             ... on level 2 of the Dungeon.
             The game lasted 00:02:17 (1063 turns).

brightshaft the Bolt Thrower (Minotaur Hunter)      Turns: 1063, Time: 00:02:18

Health: -2/31      AC:  6    Str: 16    XL:     3   Next: 3%
Magic:  2/2        EV: 10    Int:  8    God:
Gold:   48         SH:  0    Dex: 12    Spells: 2/2 levels left

rFire   . . .      SeeInvis .   a - +1 hand crossbow
rCold   . . .      Faith    .   (no shield)
rNeg    . . .      Spirit   .   h - +0 scale mail
rPois   .          Reflect  .   (helmet restricted)
rElec   .          Harm     .   (no cloak)
rCorr   +          Rampage  .   (no gloves)
Will    .....                   (no boots)
Stlth   ..........              (no amulet)
HPRegen 0.10/turn               e - ring of resist corrosion
MPRegen 0.08/turn               (no ring)

@: lethally poisoned (-2 -> -3)
A: horns 2, retaliatory headbutt
a: no special abilities


You were on level 2 of the Dungeon.
You visited 1 branch of the dungeon, and saw 2 of its levels.

You collected 48 gold pieces.

Inventory:

Hand Weapons
 a - a +1 hand crossbow (weapon)
Armour
 d - a +0 ring mail
 h - a +0 scale mail (worn)
Jewellery
 b - a ring of magical power
 e - a ring of resist corrosion (left hand)
Scrolls
 c - a scroll of summoning {unknown}
 f - a scroll of fog {unknown}
 i - 2 scrolls of identify {unknown}
 j - a scroll of fear {unknown}
Potions
 g - 2 potions of curing {unknown}


   Skills:
 + Level 3.0 Fighting
 + Level 4.7 Crossbows
 + Level 1.3 Armour
 + Level 2.8 Dodging
 - Level 0.7 Stealth


You had 2 spell levels left.
You didn't know any spells.
Your spell library contained the following spells:

 Spells                   Type           Power      Damage    Failure   Level
 Gell's Gravitas          Tloc           0%         N/A       99%         3
 Teleport Other           Tloc           0%         N/A       99%         3
 Dispersal                Tloc           0%         N/A       100%        6


Dungeon Overview and Level Annotations

Branches:
Dungeon (2/15)

Altars:

Shops:
D:1 !


Innate Abilities, Weirdness & Mutations

You have a pair of horns on your head.
You reflexively headbutt those who attack you in melee.


Message History

You shoot a bolt. The bolt misses the adder.
The adder bites you.
You are poisoned.
The adder poisons you! The adder bites you.
You shoot a bolt. The bolt barely misses the adder.
You feel sick. The adder completely misses you. The adder bites you.
You shoot a bolt. The bolt closely misses the adder.
You feel sick. The adder bites you but does no damage. The adder bites you.
You are more poisoned.
The adder poisons you!
You are too injured to fight recklessly!
You are too injured to fight recklessly!
You are too injured to fight recklessly!
You are too injured to fight recklessly!
Shoot: a) +1 hand crossbow
Press: ? - help, Shift-Dir - straight line, f/p - adder
Aim: an adder (46% to hit)
You shoot a bolt. The bolt barely misses the adder.
You feel sick. The adder closely misses you.
The adder bites you but does no damage.
Shoot: a) +1 hand crossbow
Press: ? - help, Shift-Dir - straight line, f/p - adder
Aim: an adder (46% to hit)
You shoot a bolt. The bolt barely misses the adder.
You feel sick. The adder bites you.
* * * LOW HITPOINT WARNING * * *
A hobgoblin comes into view.
The adder closely misses you.
Shoot: a) +1 hand crossbow
Press: ? - help, Shift-Dir - straight line, f/p - adder
Aim: an adder (46% to hit)
You shoot a bolt. The bolt misses the adder.
The hobgoblin shouts!
* * * LOW HITPOINT WARNING * * *
You feel sick. The adder closely misses you. The adder barely misses you.
Shoot: a) +1 hand crossbow
Press: ? - help, Shift-Dir - straight line, f/p - adder
Aim: an adder (46% to hit)
You shoot a bolt. The bolt barely misses the adder.
* * * LOW HITPOINT WARNING * * *
You feel sick. The adder bites you.
You die...

#.# #.# #.# ... #.#
...####.# ...g..S.#
#@# #.# .. #.######.
.#.####........
.........#####.###
.#...............
.....<...#####.#####
....................
##.............####


You could see an adder and a hobgoblin.

Vanquished Creatures
  A dart slug (D:1)
  2 bats (D:1)
  4 endoplasms
  A giant cockroach (D:2)
  3 goblins
  3 hobgoblins
  4 jackals (D:1)
  2 quokkas (D:1)
  A frilled lizard (D:1)
  A rat (D:1)
22 creatures vanquished.

Notes
Turn   | Place    | Note
-------+----------+-------------------------------------------
     0 | D:1      | brightshaft the Minotaur Hunter began the quest for the
                  | Orb.
     0 | D:1      | Reached XP level 1. HP: 18/18 MP: 0/0
   399 | D:1      | Reached XP level 2. HP: 19/25 MP: 1/1
   545 | D:1      | Found Celoug's Distillery.
   549 | D:1      | Reached skill level 1 in Armour
  1021 | D:2      | Reached XP level 3. HP: 31/31 MP: 2/2
  1063 | D:2      | HP: 1/31 [poisoned by an adder]
  1063 | D:2      | Slain by an adder

Illustrated notes

Levels and vault maps discovered:
D:1:      shiori_arrival_elements, layout_loops_ring, serial_shops, shop
D:2:      layout_loops_ring, kennysheep_another_room,
          kennysheep_generic_room_10, uniq_sigmund

Skill      XL: |  1  2 |
---------------+-------+-----
Armour         | 1 |  1.3
Fighting       | 3 |  3.0
Crossbows      | |  4.7
Dodging        | |  2.8
Stealth        | |  0.7

Action                   || total
-------------------------++-------
 Fire: Hand crossbow     ||    66
Armor: Scale mail        ||    23
       Ring mail         ||     1
Dodge: Dodged            ||    40

Table legend: (Time is in decaauts)
 A = Elapsed time spent in this place.
 B = Non-inter-level travel time spent in this place.
 C = Inter-level travel time spent in this place.
 D = Time resting spent in this place.
 E = Time spent auto-exploring this place.
 F = Levels seen in this place.
 G = Mean time per level.
                   A        B        C        D        E       F      G
               +--------+--------+--------+--------+--------+-----+--------+
         Total |   1089 |   1062 |     27 |      0 |    889 |   2 |  544.5 |
       Dungeon |   1089 |   1062 |     27 |      0 |    889 |   2 |  544.5 |
               +--------+--------+--------+--------+--------+-----+--------+

Top non-repeatable levels by time:
     D:1: 979 daAuts
     D:2: 110 daAuts
